Blues vs Wild

Created - January-08-15 at 17:15

Goals
1 2 3 T
Blues 3 0 0 3
Wild 2 2 1 5
Shots
1 2 3 T
Blues 12 6 8 26
Wild 15 11 11 37

1st period

1. Blues , Alex Tanguay 11 (Carl Gunnarsson, Dan Hamhuis) at 3:50
2. Wild , Mark Streit 8 (Michael Stone, Michael Ryder) at 5:34 (PP)
3. Blues , Bryan Little 12 (Matt Irwin) at 6:48
4. Wild , Milan Michalek 7 (Fedor Tyutin, Josh Harding) at 13:59
5. Blues , Lee Stempniak 4 (Mike Weaver, Matt Irwin) at 14:29

Penalties :
Mark Stuart (STL) for Hooking (Minor) at 4:53, Mark Stuart (STL) for Roughing (Minor) at 7:09, Dan Hamhuis (STL) for Goalie Interference (Minor) at 10:40, Michael Stone (MIN) for Goalie Interference (Minor) at 16:05

2nd period

6. Wild , Erik Cole 6 (Mark Streit, Marco Scandella) at 3:21
7. Wild , Bobby Ryan 15 (Mark Streit, Marian Gaborik) at 4:28 (PP)

Penalties :
Mike Fisher (STL) for Interference (Minor) at 1:09, Matt Irwin (STL) for Hooking (Minor) at 4:04, Mark Stuart (STL) for Slashing (Minor) at 17:08

3rd period

8. Wild , Pierre-Marc Bouchard 7 (Mark Streit, Erik Cole) at 19:33 (Empty Net)

Penalties :
Mike Weaver (STL) for Hooking (Minor) at 4:30, Marian Gaborik (MIN) for Roughing (Minor) at 8:43, David Jones (STL) for Interference (Minor) at 16:53

Goalie Stats

Mike Smith (STL), 32 saves from 36 shots - (0.889), L, 17-16-2, 59:24 minutes
Josh Harding (MIN), 23 saves from 26 shots - (0.885), W, 14-16-1, 60:00 minutes

Players Stats for Blues

Player Name              G  A  P  +/- PIM S  H  SB GA TA FO     MP     PP MP  PK MP  
------------------------------------------------------------------------------------
Alex Tanguay             1  0  1   1  0   3  0  0  0  0  1/1    14:24   1:34   0:19 
Bryan Little             1  0  1   0  0   2  1  1  0  0  8/20   22:04   2:24   6:16 
Cal Clutterbuck          0  0  0   0  0   1  1  1  0  0  0/1    12:18   0:00   6:24 
Carl Gunnarsson          0  1  1   0  0   0  0  2  0  0  0/0    23:10   1:29   7:07 
Dan Hamhuis              0  1  1   0  2   0  1  1  0  0  0/0    22:30   2:29   5:28 
David Jones              0  0  0   0  2   0  0  0  0  0  0/0     5:53   0:00   0:00 
Jay McClement            0  0  0   0  0   0  0  0  0  0  7/9     5:54   0:00   0:00 
Jeff Petry               0  0  0  -2  0   0  1  0  0  0  0/0    18:34   1:29   1:58 
Jiri Hudler              0  0  0   0  0   1  1  0  0  0  0/0    16:37   2:24   0:49 
Jussi Jokinen            0  0  0   0  0   1  1  0  0  0  5/12   22:44   2:24   6:56 
Lee Stempniak            1  0  1  -1  0   4  0  0  0  0  1/1    11:14   0:00   0:00 
Mark Stuart              0  0  0  -2  6   2  2  1  0  0  0/0    15:04   0:00   0:00 
Matt Irwin               0  2  2   2  2   2  3  0  0  0  0/0    22:19   2:29   6:29 
Mike Fisher              0  0  0   1  2   3  4  0  0  0  14/35  19:18   1:34   5:14 
Mike Weaver              0  1  1   2  2   2  1  1  0  0  0/0    18:17   0:00   4:56 
R.J. Umberger            0  0  0   1  0   0  3  0  0  0  0/1    14:05   1:34   0:00 
Ryan Callahan            0  0  0  -1  0   2  0  0  0  0  6/13   11:14   0:00   0:00 
Ryan Garbutt             0  0  0  -1  0   3  1  1  0  0  0/0    11:14   0:00   0:00 

Players Stats for Wild

Player Name              G  A  P  +/- PIM S  H  SB GA TA FO     MP     PP MP  PK MP  
------------------------------------------------------------------------------------
Adam Hall                0  0  0   0  0   0  0  0  0  0  1/3     2:26   0:00   1:55 
Bobby Ryan               1  0  1   0  0   9  3  0  0  0  21/36  24:08   6:25   2:03 
Chris Conner             0  0  0   2  0   0  0  0  0  0  1/1    11:07   1:14   0:00 
Chris Phillips           0  0  0   0  0   0  3  1  0  0  0/0    13:14   0:00   2:09 
Daniel Alfredsson        0  0  0  -2  0   2  1  1  0  0  3/4    23:41   6:34   0:00 
Erik Cole                1  1  2   2  0   2  1  0  0  0  8/14   18:14   6:34   1:55 
Fedor Tyutin             0  1  1  -1  0   2  4  1  0  0  0/0    22:54   5:56   0:00 
John-Michael Liles       0  0  0   0  0   4  0  2  0  0  0/0    18:50   5:56   1:49 
Marco Scandella          0  1  1   0  0   1  0  0  0  0  0/0    18:42   0:00   1:31 
Marian Gaborik           0  1  1   0  2   3  0  0  0  0  1/2    22:04   6:25   0:00 
Mark Streit              1  3  4   1  0   4  0  2  0  0  0/0    22:21   7:03   0:18 
Michael Ryder            0  1  1  -2  0   1  0  0  0  0  1/2    24:35   6:25   0:00 
Michael Stone            0  1  1   0  2   2  2  4  0  0  0/0    21:49   7:03   0:00 
Mikko Koivu              0  0  0  -2  0   3  1  0  0  0  10/17  17:30   0:00   0:00 
Milan Michalek           1  0  1   0  0   2  2  0  0  0  1/2    20:20   5:20   0:00 
Pierre-Marc Bouchard     1  0  1   2  0   2  1  0  0  0  4/12   11:56   0:00   2:03 
Rob Scuderi              0  0  0   0  0   0  0  0  0  0  0/0     2:09   0:00   2:09 
Rostislav Klesla         0  0  0   0  0   0  0  0  0  0  0/0     0:00   0:00   0:00 

3 Stars

1 - Mark Streit (MIN)
2 - Erik Cole (MIN)
3 - Pierre-Marc Bouchard (MIN)

Power Play

Blues - 0 on 2 Attempt(s) - 0.00%
Wild - 2 on 8 Attempt(s) - 25.00%

Penalty Kill

Blues - 6 on 8 Attempt(s) - 75.00% - Score 0 goal in Penalty Kill
Wild - 2 on 2 Attempt(s) - 100.00% - Score 0 goal in Penalty Kill

Team Stat

Blues - Hits : 20 - Faceoff Wins : 42 - Blocked Shots : 8 - Penalty Minutes : 16
Wild - Hits : 18 - Faceoff Wins : 51 - Blocked Shots : 11 - Penalty Minutes : 4

Official

Referees : Chris Rooney and Brad Watson
Linesman : Thor Nelson and Brad Lazarowich

Game Notes

Pierre-Marc Bouchard has scored in a empty net!

Finance

Level 1 -- Attendance: 6146 (94.55%) -- Ticket Income $614,600
Level 2 -- Attendance: 5000 (100.00%) -- Ticket Income $300,000
Level 3 -- Attendance: 3346 (95.60%) -- Ticket Income $117,110
Level 4 -- Attendance: 2064 (100.00%) -- Ticket Income $41,280
Luxury Box -- Attendance: 1000 (100.00%) -- Ticket Income $200,000
Game was played at the Xcel Energy Center'
Total Attendance: 17556 (97.19%)
Total Ticket Income: $1,272,990
Other Income: $190,948
Total Income: $1,463,938

% Time on Ice - Blues

Lines # - Real PCT - Wanted PCT - Time Play
Normal Forward
1 - 31% - 31% - 13:24
2 - 29% - 28% - 12:31
3 - 26% - 25% - 11:14
4 - 14% - 16% - 5:54
Normal Defense
1 - 34% - 35% - 14:34
2 - 35% - 33% - 15:07
3 - 31% - 32% - 13:22
4 - 0% - 0% - 0:00
PP Forward
1 - 61% - 48% - 2:24
2 - 39% - 52% - 1:34
PP Defense
1 - 63% - 48% - 2:29
2 - 37% - 52% - 1:29
PK Forward
1 - 51% - 50% - 6:35
2 - 49% - 50% - 6:24
PK Defense
1 - 50% - 51% - 6:30
2 - 50% - 49% - 6:29
PK3 Forward
1 - 0% - 51%
2 - 0% - 49%
PK3 Defense
1 - 0% - 51%
2 - 0% - 49%
44 Forward
1 - 0% - 51%
2 - 0% - 49%
44 Defense
1 - 0% - 51%
2 - 0% - 49%
Last Minute Offensive  - 0:00
Last Minute Defensive  - 0:00
Total
Forward - 60:00
Defense - 60:00

% Time on Ice - Wild

Lines # - Real PCT - Wanted PCT - Time Play
Normal Forward
1 - 41% - 45% - 17:30
2 - 36% - 44% - 15:40
3 - 23% - 7% - 9:53
4 - 0% - 4% - 0:00
Normal Defense
1 - 40% - 40% - 17:11
2 - 34% - 30% - 14:47
3 - 26% - 25% - 11:05
4 - 0% - 5% - 0:00
PP Forward
1 - 51% - 50% - 6:34
2 - 49% - 50% - 6:25
PP Defense
1 - 54% - 50% - 7:03
2 - 46% - 50% - 5:56
PK Forward
1 - 52% - 50% - 2:03
2 - 48% - 50% - 1:55
PK Defense
1 - 54% - 50% - 2:09
2 - 46% - 50% - 1:49
PK3 Forward
1 - 0% - 50%
2 - 0% - 50%
PK3 Defense
1 - 0% - 50%
2 - 0% - 50%
44 Forward
1 - 0% - 50%
2 - 0% - 50%
44 Defense
1 - 0% - 50%
2 - 0% - 50%
Last Minute Offensive  - 0:00
Last Minute Defensive  - 0:00
Total
Forward - 60:00
Defense - 60:00

Play by Play

1st period


0:01 of 1st period - Mikko Koivu wins face-off versus Bryan Little in neutral zone.
0:24 of 1st period - Shot by Jussi Jokinen.
0:24 of 1st period - Stopped by Josh Harding with a rebound.
0:30 of 1st period - Shot by Marco Scandella.
0:30 of 1st period - Shot Misses the Net.
0:42 of 1st period - Shot by Michael Ryder.
0:42 of 1st period - Shot Blocked by Carl Gunnarsson.
0:53 of 1st period - Off-side.
0:54 of 1st period - Bobby Ryan wins face-off versus Mike Fisher in neutral zone.
1:19 of 1st period - Shot by Bobby Ryan.
1:19 of 1st period - Shot Misses the Net.
1:21 of 1st period - Shot by Bobby Ryan.
1:21 of 1st period - Stopped by Mike Smith without a rebound.
1:22 of 1st period - Pierre-Marc Bouchard wins face-off versus Ryan Callahan in Blues zone.
1:39 of 1st period - Shot by Ryan Callahan.
1:39 of 1st period - Shot Misses the Net.
1:41 of 1st period - Shot by Lee Stempniak.
1:41 of 1st period - Stopped by Josh Harding without a rebound.
1:42 of 1st period - Jay McClement wins face-off versus Bobby Ryan in Wild zone.
1:45 of 1st period - Shot by Jay McClement.
1:45 of 1st period - Shot Blocked by John-Michael Liles.
1:47 of 1st period - Shot by Cal Clutterbuck.
1:47 of 1st period - Stopped by Josh Harding with a rebound.
1:49 of 1st period - Shot by Cal Clutterbuck.
1:49 of 1st period - Shot Blocked by Chris Phillips.
3:50 of 1st period - Shot by Alex Tanguay.
3:50 of 1st period - Goal by Alex Tanguay - Blues : 1 - Wild : 0.
3:51 of 1st period - Chris Conner wins face-off versus Bryan Little in neutral zone.
3:55 of 1st period - Shot by Erik Cole.
3:55 of 1st period - Stopped by Mike Smith without a rebound.
3:56 of 1st period - Bobby Ryan wins face-off versus Bryan Little in Blues zone.
4:19 of 1st period - Shot by Jiri Hudler.
4:19 of 1st period - Stopped by Josh Harding with a rebound.
4:26 of 1st period - Shot by Jussi Jokinen.
4:26 of 1st period - Deflect By Jiri Hudler.
4:26 of 1st period - Shot Misses the Net.
4:53 of 1st period - Minor Penalty to Mark Stuart for Hooking.
4:54 of 1st period - Mike Fisher wins face-off versus Milan Michalek in Blues zone.
5:03 of 1st period - Shot by Daniel Alfredsson.
5:03 of 1st period - Stopped by Mike Smith without a rebound.
5:04 of 1st period - Bobby Ryan wins face-off versus Mike Fisher in Blues zone.
5:34 of 1st period - Shot by Mark Streit.
5:34 of 1st period - Goal by Mark Streit - Blues : 1 - Wild : 1.
5:35 of 1st period - Pierre-Marc Bouchard wins face-off versus Mike Fisher in neutral zone.
6:34 of 1st period - Icing by John-Michael Liles.
6:35 of 1st period - Ryan Callahan wins face-off versus Pierre-Marc Bouchard in Wild zone.
6:42 of 1st period - Shot by Lee Stempniak.
6:42 of 1st period - Deflect By Ryan Callahan.
6:42 of 1st period - Shot Misses the Net.
6:44 of 1st period - Shot by Matt Irwin.
6:44 of 1st period - Stopped by Josh Harding without a rebound.
6:45 of 1st period - Bryan Little wins face-off versus Mikko Koivu in Wild zone.
6:45 of 1st period - Matt Irwin is hit by Fedor Tyutin and loses puck.
6:48 of 1st period - Shot by Bryan Little.
6:48 of 1st period - Goal by Bryan Little - Blues : 2 - Wild : 1.
6:49 of 1st period - Mikko Koivu wins face-off versus Ryan Callahan in neutral zone.
6:51 of 1st period - Fedor Tyutin is hit by Matt Irwin and loses puck.
7:02 of 1st period - Shot by Mikko Koivu.
7:02 of 1st period - Stopped by Mike Smith without a rebound.
7:03 of 1st period - Bobby Ryan wins face-off versus Jay McClement in Blues zone.
7:09 of 1st period - Minor Penalty to Mark Stuart for Roughing.
7:10 of 1st period - Bobby Ryan wins face-off versus Mike Fisher in Blues zone.
8:25 of 1st period - Shot by Erik Cole.
8:25 of 1st period - Shot Misses the Net.
8:27 of 1st period - Shot by Fedor Tyutin.
8:27 of 1st period - Stopped by Mike Smith without a rebound.
8:28 of 1st period - Erik Cole wins face-off versus Mike Fisher in Blues zone.
8:51 of 1st period - Shot by John-Michael Liles.
8:51 of 1st period - Shot Blocked by Cal Clutterbuck.
8:58 of 1st period - Icing by Milan Michalek.
8:59 of 1st period - Erik Cole wins face-off versus Mike Fisher in Wild zone.
9:22 of 1st period - Icing by Mark Streit.
9:23 of 1st period - Jay McClement wins face-off versus Bobby Ryan in Wild zone.
9:48 of 1st period - Icing by Jay McClement.
9:49 of 1st period - Jay McClement wins face-off versus Pierre-Marc Bouchard in Blues zone.
10:09 of 1st period - Erik Cole is hit by Matt Irwin and loses puck.
10:15 of 1st period - Icing by Mike Weaver.
10:16 of 1st period - Jay McClement wins face-off versus Mikko Koivu in Blues zone.
10:16 of 1st period - Jay McClement is hit by Mikko Koivu.
10:29 of 1st period - Icing by Mark Streit.
10:30 of 1st period - Bryan Little wins face-off versus Mikko Koivu in Wild zone.
10:30 of 1st period - Carl Gunnarsson is hit by Michael Stone and loses puck.
10:37 of 1st period - Shot by Mikko Koivu.
10:37 of 1st period - Stopped by Mike Smith without a rebound.
10:38 of 1st period - Bobby Ryan wins face-off versus Mike Fisher in Blues zone.
10:40 of 1st period - Minor Penalty to Dan Hamhuis for Goalie Interference.
10:41 of 1st period - Mike Fisher wins face-off versus Bobby Ryan in Blues zone.
11:02 of 1st period - Shot by Bobby Ryan.
11:02 of 1st period - Stopped by Mike Smith without a rebound.
11:03 of 1st period - Jussi Jokinen wins face-off versus Erik Cole in Blues zone.
11:16 of 1st period - Shot by John-Michael Liles.
11:16 of 1st period - Stopped by Mike Smith without a rebound.
11:17 of 1st period - Bryan Little wins face-off versus Bobby Ryan in Blues zone.
11:23 of 1st period - Icing by Bobby Ryan.
11:24 of 1st period - Bobby Ryan wins face-off versus Jussi Jokinen in Wild zone.
11:39 of 1st period - Icing by Mark Streit.
11:40 of 1st period - Mike Fisher wins face-off versus Bobby Ryan in Wild zone.
11:59 of 1st period - Shot by Michael Stone.
11:59 of 1st period - Stopped by Mike Smith with a rebound.
12:01 of 1st period - Shot by Bobby Ryan.
12:01 of 1st period - Stopped by Mike Smith with a rebound.
12:03 of 1st period - Shot by Bobby Ryan.
12:03 of 1st period - Shot Misses the Net.
12:05 of 1st period - Shot by Michael Ryder.
12:05 of 1st period - Stopped by Mike Smith without a rebound.
12:06 of 1st period - Daniel Alfredsson wins face-off versus Jussi Jokinen in Blues zone.
12:06 of 1st period - Fedor Tyutin is hit by Jeff Petry and loses puck.
12:48 of 1st period - Icing by Mikko Koivu.
12:49 of 1st period - Daniel Alfredsson wins face-off versus R.J. Umberger in Wild zone.
13:27 of 1st period - Shot by R.J. Umberger.
13:27 of 1st period - Shot Blocked by Michael Stone.
13:29 of 1st period - Shot by Mike Fisher.
13:29 of 1st period - Shot Misses the Net.
13:59 of 1st period - Shot by Milan Michalek.
13:59 of 1st period - Goal by Milan Michalek - Blues : 2 - Wild : 2.
14:00 of 1st period - Pierre-Marc Bouchard wins face-off versus Bryan Little in neutral zone.
14:11 of 1st period - Off-side.
14:12 of 1st period - Marian Gaborik wins face-off versus Ryan Callahan in neutral zone.
14:23 of 1st period - Shot by Mike Weaver.
14:23 of 1st period - Shot Misses the Net.
14:29 of 1st period - Shot by Lee Stempniak.
14:29 of 1st period - Goal by Lee Stempniak - Blues : 3 - Wild : 2.
14:30 of 1st period - Bryan Little wins face-off versus Pierre-Marc Bouchard in neutral zone.
15:02 of 1st period - Icing by Jussi Jokinen.
15:03 of 1st period - Bryan Little wins face-off versus Bobby Ryan in Blues zone.
15:03 of 1st period - Bryan Little is hit by Bobby Ryan.
15:29 of 1st period - Shot by Bobby Ryan.
15:29 of 1st period - Deflect By Marian Gaborik.
15:29 of 1st period - Shot Misses the Net.
16:05 of 1st period - Minor Penalty to Michael Stone for Goalie Interference.
16:06 of 1st period - Mike Fisher wins face-off versus Adam Hall in Wild zone.
16:37 of 1st period - Shot by Jeff Petry.
16:37 of 1st period - Deflect By Alex Tanguay.
16:37 of 1st period - Stopped by Josh Harding without a rebound.
16:38 of 1st period - Adam Hall wins face-off versus Bryan Little in Wild zone.
16:59 of 1st period - Shot by Matt Irwin.
16:59 of 1st period - Stopped by Josh Harding with a rebound.
18:00 of 1st period - Icing by Jiri Hudler.
18:01 of 1st period - Bryan Little wins face-off versus Adam Hall in Blues zone.
18:24 of 1st period - Shot by Michael Ryder.
18:24 of 1st period - Deflect By Mikko Koivu.
18:24 of 1st period - Stopped by Mike Smith with a rebound.
18:28 of 1st period - Shot by Daniel Alfredsson.
18:28 of 1st period - Stopped by Mike Smith with a rebound.
18:38 of 1st period - Shot by Mikko Koivu.
18:38 of 1st period - Shot Misses the Net.
18:41 of 1st period - Icing by Jeff Petry.
18:42 of 1st period - Mike Fisher wins face-off versus Bobby Ryan in Blues zone.
18:49 of 1st period - Shot by Alex Tanguay.
18:49 of 1st period - Stopped by Josh Harding without a rebound.
18:50 of 1st period - Ryan Callahan wins face-off versus Bobby Ryan in Wild zone.
18:50 of 1st period - Ryan Garbutt is hit by Fedor Tyutin and loses puck.
18:59 of 1st period - Shot by Ryan Callahan.
18:59 of 1st period - Stopped by Josh Harding without a rebound.
19:00 of 1st period - Mikko Koivu wins face-off versus Ryan Callahan in Wild zone.
19:05 of 1st period - Shot by Marco Scandella.
19:05 of 1st period - Shot Blocked by Mark Stuart.
19:08 of 1st period - Icing by Jeff Petry.
19:09 of 1st period - Mikko Koivu wins face-off versus Ryan Callahan in Blues zone.
Goals for this period are 3 for Blues vs 2 for Wild.
Shots for this period are 12 for Blues vs 15 for Wild.

2nd period


0:01 of 2nd period - Bobby Ryan wins face-off versus Bryan Little in neutral zone.
0:03 of 2nd period - Fedor Tyutin is hit by Dan Hamhuis and loses puck.
0:11 of 2nd period - Bryan Little is hit by Fedor Tyutin and loses puck.
0:38 of 2nd period - Shot by Jussi Jokinen.
0:38 of 2nd period - Shot Misses the Net.
0:44 of 2nd period - Shot by Bryan Little.
0:44 of 2nd period - Stopped by Josh Harding without a rebound.
0:45 of 2nd period - Mikko Koivu wins face-off versus Mike Fisher in Wild zone.
0:45 of 2nd period - Mikko Koivu is hit by R.J. Umberger.
0:50 of 2nd period - Off-side.
0:51 of 2nd period - Mikko Koivu wins face-off versus Mike Fisher in neutral zone.
1:09 of 2nd period - Minor Penalty to Mike Fisher for Interference.
1:10 of 2nd period - Daniel Alfredsson wins face-off versus Jussi Jokinen in Blues zone.
1:37 of 2nd period - Shot by Erik Cole.
1:37 of 2nd period - Shot Misses the Net.
1:39 of 2nd period - Shot by Mark Streit.
1:39 of 2nd period - Shot Blocked by Bryan Little.
2:45 of 2nd period - Shot by Bobby Ryan.
2:45 of 2nd period - Stopped by Mike Smith with a rebound.
3:02 of 2nd period - Jiri Hudler is hit by Michael Stone and loses puck.
3:19 of 2nd period - Shot by Mark Streit.
3:19 of 2nd period - Shot Blocked by Ryan Garbutt.
3:21 of 2nd period - Shot by Erik Cole.
3:21 of 2nd period - Goal by Erik Cole - Blues : 3 - Wild : 3.
3:22 of 2nd period - Jay McClement wins face-off versus Pierre-Marc Bouchard in neutral zone.
3:29 of 2nd period - Off-side.
3:30 of 2nd period - Mikko Koivu wins face-off versus Mike Fisher in neutral zone.
3:33 of 2nd period - Alex Tanguay is hit by Daniel Alfredsson and loses puck.
4:04 of 2nd period - Minor Penalty to Matt Irwin for Hooking.
4:05 of 2nd period - Bobby Ryan wins face-off versus Jussi Jokinen in Blues zone.
4:18 of 2nd period - Shot by Marian Gaborik.
4:18 of 2nd period - Shot Misses the Net.
4:20 of 2nd period - Shot by Mark Streit.
4:20 of 2nd period - Stopped by Mike Smith with a rebound.
4:28 of 2nd period - Shot by Bobby Ryan.
4:28 of 2nd period - The goal is going for a video replay.
4:28 of 2nd period - The goal is good.
4:28 of 2nd period - Goal by Bobby Ryan - Blues : 3 - Wild : 4.
4:29 of 2nd period - Ryan Callahan wins face-off versus Pierre-Marc Bouchard in neutral zone.
4:59 of 2nd period - Icing by Mark Stuart.
5:00 of 2nd period - Milan Michalek wins face-off versus Ryan Callahan in Blues zone.
5:14 of 2nd period - Shot by Ryan Garbutt.
5:14 of 2nd period - Deflect By Ryan Callahan.
5:14 of 2nd period - Stopped by Josh Harding without a rebound.
5:15 of 2nd period - Bobby Ryan wins face-off versus Bryan Little in Wild zone.
5:22 of 2nd period - Shot by Marian Gaborik.
5:22 of 2nd period - Deflect By Bobby Ryan.
5:22 of 2nd period - Stopped by Mike Smith without a rebound.
5:23 of 2nd period - Michael Ryder wins face-off versus Bryan Little in Blues zone.
5:38 of 2nd period - Shot by Bryan Little.
5:38 of 2nd period - Shot Misses the Net.
5:52 of 2nd period - Shot by Marco Scandella.
5:52 of 2nd period - Shot Blocked by Carl Gunnarsson.
5:54 of 2nd period - Shot by Marco Scandella.
5:54 of 2nd period - Stopped by Mike Smith without a rebound.
5:55 of 2nd period - Bobby Ryan wins face-off versus Mike Fisher in Blues zone.
5:58 of 2nd period - Shot by Marian Gaborik.
5:58 of 2nd period - Stopped by Mike Smith without a rebound.
5:59 of 2nd period - Bobby Ryan wins face-off versus Mike Fisher in Blues zone.
5:59 of 2nd period - Milan Michalek is hit by Matt Irwin and loses puck.
6:07 of 2nd period - Mike Fisher is hit by Milan Michalek and loses puck.
6:12 of 2nd period - Shot by Matt Irwin.
6:12 of 2nd period - Shot Blocked by Mark Streit.
6:14 of 2nd period - Shot by R.J. Umberger.
6:14 of 2nd period - Shot Misses the Net.
6:18 of 2nd period - Shot by Alex Tanguay.
6:18 of 2nd period - Shot Misses the Net.
6:29 of 2nd period - Bobby Ryan is hit by R.J. Umberger and loses puck.
6:34 of 2nd period - Mark Streit is hit by Mike Fisher.
7:08 of 2nd period - Shot by Mikko Koivu.
7:08 of 2nd period - Shot Blocked by Dan Hamhuis.
7:32 of 2nd period - Shot by Jiri Hudler.
7:32 of 2nd period - Shot Blocked by Daniel Alfredsson.
7:48 of 2nd period - Shot by Pierre-Marc Bouchard.
7:48 of 2nd period - Stopped by Mike Smith with a rebound.
7:50 of 2nd period - Shot by John-Michael Liles.
7:50 of 2nd period - Stopped by Mike Smith without a rebound.
7:51 of 2nd period - Ryan Callahan wins face-off versus Erik Cole in Blues zone.
7:51 of 2nd period - Ryan Callahan is hit by Erik Cole.
8:08 of 2nd period - Lee Stempniak is hit by Chris Phillips and loses puck.
8:27 of 2nd period - Shot by Ryan Callahan.
8:27 of 2nd period - Shot Misses the Net.
8:29 of 2nd period - Shot by Lee Stempniak.
8:29 of 2nd period - Shot Misses the Net.
8:57 of 2nd period - Shot by Jay McClement.
8:57 of 2nd period - Shot Blocked by John-Michael Liles.
10:27 of 2nd period - Milan Michalek is hit by Mark Stuart and loses puck.
10:58 of 2nd period - Shot by Mike Fisher.
10:58 of 2nd period - Shot Misses the Net.
11:05 of 2nd period - Icing by Michael Ryder.
11:06 of 2nd period - Lee Stempniak wins face-off versus Mikko Koivu in Wild zone.
11:56 of 2nd period - Icing by Mikko Koivu.
11:57 of 2nd period - Bryan Little wins face-off versus Mikko Koivu in Wild zone.
12:37 of 2nd period - Shot by Jussi Jokinen.
12:37 of 2nd period - Shot Misses the Net.
13:01 of 2nd period - Shot by Mark Stuart.
13:01 of 2nd period - Stopped by Josh Harding with a rebound.
13:11 of 2nd period - Shot by Alex Tanguay.
13:11 of 2nd period - Shot Misses the Net.
13:23 of 2nd period - Shot by Alex Tanguay.
13:23 of 2nd period - Shot Blocked by Michael Stone.
13:25 of 2nd period - Shot by Mike Fisher.
13:25 of 2nd period - Shot Blocked by Michael Stone.
13:27 of 2nd period - Shot by Mark Stuart.
13:27 of 2nd period - Stopped by Josh Harding without a rebound.
13:28 of 2nd period - Jay McClement wins face-off versus Bobby Ryan in Wild zone.
13:28 of 2nd period - David Jones is hit by Fedor Tyutin.
13:55 of 2nd period - Icing by Mike Weaver.
13:56 of 2nd period - Jay McClement wins face-off versus Pierre-Marc Bouchard in Blues zone.
14:15 of 2nd period - Shot by David Jones.
14:15 of 2nd period - Shot Misses the Net.
14:17 of 2nd period - Shot by Jay McClement.
14:17 of 2nd period - Deflect By David Jones.
14:17 of 2nd period - Shot Misses the Net.
14:19 of 2nd period - Shot by Mike Weaver.
14:19 of 2nd period - Stopped by Josh Harding without a rebound.
14:20 of 2nd period - Bobby Ryan wins face-off versus Bryan Little in Wild zone.
14:20 of 2nd period - Bobby Ryan is hit by Jussi Jokinen.
14:25 of 2nd period - Icing by Marco Scandella.
14:26 of 2nd period - Bobby Ryan wins face-off versus Bryan Little in Wild zone.
14:31 of 2nd period - Jussi Jokinen is hit by Milan Michalek and loses puck.
14:58 of 2nd period - Shot by Bryan Little.
14:58 of 2nd period - Shot Blocked by Fedor Tyutin.
15:03 of 2nd period - Icing by Fedor Tyutin.
15:04 of 2nd period - Mike Fisher wins face-off versus Marian Gaborik in Wild zone.
15:31 of 2nd period - Shot by Alex Tanguay.
15:31 of 2nd period - Shot Misses the Net.
16:32 of 2nd period - Fedor Tyutin is hit by Ryan Garbutt and loses puck.
17:08 of 2nd period - Minor Penalty to Mark Stuart for Slashing.
17:09 of 2nd period - Erik Cole wins face-off versus Jussi Jokinen in Blues zone.
17:16 of 2nd period - Shot by Mark Streit.
17:16 of 2nd period - Shot Misses the Net.
17:24 of 2nd period - Shot by Michael Stone.
17:24 of 2nd period - Stopped by Mike Smith without a rebound.
17:25 of 2nd period - Erik Cole wins face-off versus Mike Fisher in Blues zone.
17:35 of 2nd period - Off-side.
17:36 of 2nd period - Jussi Jokinen wins face-off versus Erik Cole in neutral zone.
17:56 of 2nd period - Icing by Michael Stone.
17:57 of 2nd period - Erik Cole wins face-off versus Jussi Jokinen in Wild zone.
18:40 of 2nd period - Shot by John-Michael Liles.
18:40 of 2nd period - Stopped by Mike Smith without a rebound.
18:41 of 2nd period - Mike Fisher wins face-off versus Erik Cole in Blues zone.
18:58 of 2nd period - Shot by Milan Michalek.
18:58 of 2nd period - Shot Blocked by Mike Weaver.
19:30 of 2nd period - Shot by Ryan Garbutt.
19:30 of 2nd period - Stopped by Josh Harding without a rebound.
19:31 of 2nd period - Jussi Jokinen wins face-off versus Bobby Ryan in Wild zone.
19:38 of 2nd period - Shot by Jussi Jokinen.
19:38 of 2nd period - Deflect By Bryan Little.
19:38 of 2nd period - Shot Misses the Net.
19:41 of 2nd period - Icing by John-Michael Liles.
19:42 of 2nd period - Bobby Ryan wins face-off versus Mike Fisher in Wild zone.
Goals for this period are 0 for Blues vs 2 for Wild.
Shots for this period are 6 for Blues vs 11 for Wild.

3rd period


0:01 of 3rd period - Bryan Little wins face-off versus Mikko Koivu in neutral zone.
1:06 of 3rd period - Shot by Bobby Ryan.
1:06 of 3rd period - Stopped by Mike Smith with a rebound.
3:02 of 3rd period - Shot by Ryan Callahan.
3:02 of 3rd period - Shot Misses the Net.
3:04 of 3rd period - Shot by Ryan Garbutt.
3:04 of 3rd period - Stopped by Josh Harding without a rebound.
3:05 of 3rd period - Bobby Ryan wins face-off versus Bryan Little in Wild zone.
4:21 of 3rd period - Shot by Mike Fisher.
4:21 of 3rd period - Stopped by Josh Harding with a rebound.
4:26 of 3rd period - Mikko Koivu is hit by Mike Weaver and loses puck.
4:30 of 3rd period - Minor Penalty to Mike Weaver for Hooking.
4:31 of 3rd period - Erik Cole wins face-off versus Jussi Jokinen in Blues zone.
4:42 of 3rd period - Shot by Fedor Tyutin.
4:42 of 3rd period - Stopped by Mike Smith without a rebound.
4:43 of 3rd period - Bobby Ryan wins face-off versus Mike Fisher in Blues zone.
5:02 of 3rd period - Shot by Mark Streit.
5:02 of 3rd period - Stopped by Mike Smith without a rebound.
5:03 of 3rd period - Jussi Jokinen wins face-off versus Erik Cole in Blues zone.
5:16 of 3rd period - Shot by John-Michael Liles.
5:16 of 3rd period - Stopped by Mike Smith without a rebound.
5:17 of 3rd period - Bobby Ryan wins face-off versus Mike Fisher in Blues zone.
6:15 of 3rd period - Shot by Milan Michalek.
6:15 of 3rd period - Stopped by Mike Smith without a rebound.
6:16 of 3rd period - Erik Cole wins face-off versus Mike Fisher in Blues zone.
6:44 of 3rd period - Shot by Lee Stempniak.
6:44 of 3rd period - Shot Misses the Net.
6:46 of 3rd period - Shot by Lee Stempniak.
6:46 of 3rd period - Stopped by Josh Harding without a rebound.
6:47 of 3rd period - Bobby Ryan wins face-off versus Mike Fisher in Wild zone.
6:54 of 3rd period - Shot by Mike Fisher.
6:54 of 3rd period - Stopped by Josh Harding without a rebound.
6:55 of 3rd period - Bobby Ryan wins face-off versus Mike Fisher in Wild zone.
7:13 of 3rd period - Shot by Marian Gaborik.
7:13 of 3rd period - Stopped by Mike Smith without a rebound.
7:14 of 3rd period - Ryan Callahan wins face-off versus Mikko Koivu in Blues zone.
8:09 of 3rd period - Icing by Mikko Koivu.
8:10 of 3rd period - Mikko Koivu wins face-off versus Bryan Little in Wild zone.
8:10 of 3rd period - Mikko Koivu is hit by Bryan Little.
8:43 of 3rd period - Minor Penalty to Marian Gaborik for Roughing.
8:44 of 3rd period - Mike Fisher wins face-off versus Bobby Ryan in Wild zone.
10:31 of 3rd period - Dan Hamhuis is hit by Pierre-Marc Bouchard and loses puck.
10:44 of 3rd period - Shot by Cal Clutterbuck.
10:44 of 3rd period - Shot Blocked by Mark Streit.
11:39 of 3rd period - Shot by Marian Gaborik.
11:39 of 3rd period - Shot Misses the Net.
11:41 of 3rd period - Shot by Bobby Ryan.
11:41 of 3rd period - Stopped by Mike Smith without a rebound.
11:42 of 3rd period - Alex Tanguay wins face-off versus Pierre-Marc Bouchard in Blues zone.
11:47 of 3rd period - Chris Phillips is hit by Mike Fisher and loses puck.
11:57 of 3rd period - Alex Tanguay is hit by Chris Phillips.
12:22 of 3rd period - R.J. Umberger is hit by Chris Phillips and loses puck.
12:39 of 3rd period - Marian Gaborik is hit by Mike Fisher and loses puck.
13:01 of 3rd period - Jiri Hudler is hit by Bobby Ryan and loses puck.
13:06 of 3rd period - Shot by Bobby Ryan.
13:06 of 3rd period - Shot Misses the Net.
13:24 of 3rd period - Mikko Koivu is hit by Jiri Hudler and loses puck.
15:16 of 3rd period - Shot by Marian Gaborik.
15:16 of 3rd period - Shot Misses the Net.
15:18 of 3rd period - Shot by Marian Gaborik.
15:18 of 3rd period - Stopped by Mike Smith without a rebound.
15:19 of 3rd period - Mike Fisher wins face-off versus Daniel Alfredsson in Blues zone.
15:31 of 3rd period - Mikko Koivu is hit by R.J. Umberger and loses puck.
15:45 of 3rd period - Icing by Daniel Alfredsson.
15:46 of 3rd period - Mikko Koivu wins face-off versus Ryan Callahan in Wild zone.
16:12 of 3rd period - Shot by Lee Stempniak.
16:12 of 3rd period - Deflect By Ryan Garbutt.
16:12 of 3rd period - Shot Blocked by Michael Stone.
16:22 of 3rd period - Shot by Mike Weaver.
16:22 of 3rd period - Deflect By Ryan Garbutt.
16:22 of 3rd period - Stopped by Josh Harding without a rebound.
16:23 of 3rd period - Bobby Ryan wins face-off versus Mike Fisher in Wild zone.
16:23 of 3rd period - Bobby Ryan is hit by Mike Fisher.
16:32 of 3rd period - Marian Gaborik is hit by Mark Stuart.
16:42 of 3rd period - Shot by Mike Fisher.
16:42 of 3rd period - Stopped by Josh Harding without a rebound.
16:43 of 3rd period - Pierre-Marc Bouchard wins face-off versus Cal Clutterbuck in Wild zone.
16:43 of 3rd period - John-Michael Liles is hit by Cal Clutterbuck and loses puck.
16:53 of 3rd period - Minor Penalty to David Jones for Interference.
16:54 of 3rd period - Mike Fisher wins face-off versus Bobby Ryan in Blues zone.
17:27 of 3rd period - Shot by Bobby Ryan.
17:27 of 3rd period - Stopped by Mike Smith without a rebound.
17:28 of 3rd period - Erik Cole wins face-off versus Mike Fisher in Blues zone.
17:40 of 3rd period - Icing by Mark Streit.
17:41 of 3rd period - Mike Fisher wins face-off versus Erik Cole in Wild zone.
18:10 of 3rd period - Shot by Mark Streit.
18:10 of 3rd period - Stopped by Mike Smith without a rebound.
18:11 of 3rd period - Jussi Jokinen wins face-off versus Bobby Ryan in Blues zone.
18:11 of 3rd period - Jussi Jokinen is hit by Bobby Ryan.
18:41 of 3rd period - Icing by Fedor Tyutin.
18:42 of 3rd period - Mike Fisher wins face-off versus Bobby Ryan in Wild zone.
18:46 of 3rd period - Icing by John-Michael Liles.
18:47 of 3rd period - Mike Fisher wins face-off versus Michael Ryder in Wild zone.
18:55 of 3rd period - Icing by Fedor Tyutin.
18:56 of 3rd period - Ryan Callahan wins face-off versus Pierre-Marc Bouchard in Wild zone.
18:57 of 3rd period - Blues, Mike Smith is pulled from the net.
18:57 of 3rd period - Shot by Ryan Garbutt.
18:57 of 3rd period - Shot Misses the Net.
19:03 of 3rd period - Shot by Ryan Callahan.
19:03 of 3rd period - Shot Misses the Net.
19:09 of 3rd period - Shot by Lee Stempniak.
19:09 of 3rd period - Stopped by Josh Harding with a rebound.
19:33 of 3rd period - Shot by Pierre-Marc Bouchard.
19:33 of 3rd period - Goal by Pierre-Marc Bouchard - Blues : 3 - Wild : 5.
19:33 of 3rd period - Mike Smith from Blues was sent back in the game.
19:34 of 3rd period - Mike Fisher wins face-off versus Bobby Ryan in neutral zone.
19:53 of 3rd period - Shot by Alex Tanguay.
19:53 of 3rd period - Shot Misses the Net.
19:55 of 3rd period - Shot by Mike Weaver.
19:55 of 3rd period - Stopped by Josh Harding without a rebound.
19:56 of 3rd period - Mikko Koivu wins face-off versus Jay McClement in Wild zone.
Goals for this period are 0 for Blues vs 1 for Wild.
Shots for this period are 8 for Blues vs 11 for Wild.


Output by the SimonT Hockey Simulator (STHS) for Stephane Roy -- Original Page W3C XHTML 1.0 Valid
Hockey Simulator - Hockey Simulation - Hockey Manager